 Dungeon Crawl Stone Soup version 0.27.0-65-ge2af304b15 (webtiles) character file.

Game seed: 1010565787224554922

10595 Ijustatesigmund the Unhurried (level 11, -17/69 HPs)
             Began as a Gargoyle Fighter on Aug 19, 2021.
             Was a Believer of Cheibriados.
             Demolished by an orc warrior (21 damage)
             ... in a bailey.
             The game lasted 00:24:16 (8735 turns).

Ijustatesigmund the Unhurried (Gargoyle Fighter)    Turns: 8735, Time: 00:24:17

Health: -17/69     AC: 20    Str: 25 (26) XL:     11   Next: 64%
Magic:  0/18       EV: 10    Int: 20 (22) God:    Cheibriados [**....]
Gold:   471        SH: 11    Dex: 15      Spells: 10/10 levels left

rFire    . . .     SeeInvis .   a - +1 flail (freeze)
rCold    + . .     Faith    .   c - +0 kite shield
rNeg     + . .     Spirit   +   n - +0 swamp dragon scales
rPois    ∞         Reflect  .   (no helmet)
rElec    +         Harm     .   o - +1 cloak
rCorr    .         Rampage  .   e - +0 pair of gloves
Will     .....                  (no boots)
Stlth    +.........             h - amulet of guardian spirit
HPRegen  1.21/turn              i - +6 ring of intelligence
MPRegen  0.16/turn              d - ring of protection from cold

@: about to teleport, very slow
A: sickness immunity, AC +8, negative energy resistance 1, electricity
resistance, torment resistance 1, petrification resistance, clumsy 1,
deterioration 1, regeneration 1
a: Renounce Religion, Bend Time


You were in a bailey.
You worshipped Cheibriados.
Cheibriados was pleased with you.
You visited 2 branches of the dungeon, and saw 10 of its levels.
You also visited: Bailey.

You collected 471 gold pieces.

Inventory:

Hand Weapons
 a - a +1 flail of freezing (weapon)
Armour
 c - a +0 kite shield (worn)
 e - a +0 pair of gloves (worn)
 n - +0 swamp dragon scales (worn)
 o - a +1 cloak (worn)
Jewellery
 d - a ring of protection from cold (right hand)
 h - an amulet of guardian spirit (around neck)
 i - a +6 ring of intelligence (left hand)
 l - a ring of fire
Scrolls
 f - a scroll of enchant weapon
Potions
 g - a potion of curing
 j - 2 potions of brilliance
 m - a potion of cancellation {unknown}
 r - a potion of flight
 s - a potion of ambrosia


   Skills:
 - Level 8.6 Fighting
 - Level 1.8(5.5) Axes
 - Level 9.1(9.2) Maces & Flails
 - Level 7.0 Armour
 - Level 3.6 Dodging
 - Level 5.3 Shields
 + Level 9.3 Invocations
 + Level 6.9 Evocations


You had 10 spell levels left.
You didn't know any spells.
Your spell library contained the following spells:

 Spells                   Type           Power      Damage    Failure   Level
 Corpse Rot               Necr/Air       N/A        N/A       83%         2
 Poisonous Vapours        Pois/Air       0%         N/A       83%         2
 Call Canine Familiar     Summ           0%         N/A       96%         3
 Portal Projectile        Hex/Tloc       0%         N/A       96%         3
 Leda's Liquefaction      Hex/Erth       0%         N/A       100%        4
 Freezing Cloud           Conj/Ice/Air   0%         6-21      100%        5


Dungeon Overview and Level Annotations

Branches:
Dungeon (9/15)             Temple (1/1) D:6            Lair (0/6) D:8
 Bailey (1/1)
    Orc: D:9-12

Altars:
Ashenzari
Cheibriados
Dithmenos
Elyvilon
Fedhas
Gozag
Hepliaklqana
Kikubaaqudgha
Makhleb
Nemelex Xobeh
Okawaru
Qazlal
Ru
Sif Muna
Trog
Uskayaw
Vehumet
Wu Jian
Xom
Yredelemnul
Zin
The Shining One

Shops:
D:1 [(   D:6 =


Innate Abilities, Weirdness & Mutations

You are immune to sickness and miasma.
Your stone body is resilient. (AC +8)
You are immune to poison.
You resist negative energy. (rN+)
You are resistant to electric shocks. (rElec)
You are resistant to unholy torment.
You are immune to petrification.
You are clumsy. (Dex -2)
Your body sometimes deteriorates upon taking damage.
Your natural rate of healing is unusually fast.


Message History

You feel much better.
The orc knight hits you from afar with a +0 trident!!
The orc warrior hits you from afar with a +0 trident!
* * * LOW HITPOINT WARNING * * *
You feel much better.
The orc knight hits you from afar with a +0 trident!
The orc warrior barely misses you.
Okay, then.
The orc knight barely misses you. The orc warrior closely misses you.
The orc knight barely misses you.
You sock the orc knight! You freeze the orc knight.
The orc knight is moderately wounded.
The orc warrior barely misses you. You block the orc knight's attack.
You sock the orc knight! You freeze the orc knight.
The orc knight is heavily wounded.
The orc warrior no longer looks unusually strong.
You block the orc warrior's attack.
The orc knight roars a battlecry!
The orc warrior goes into a battle-frenzy!
You hit the orc knight but do no damage.
The orc knight is heavily wounded.
The orc knight no longer looks unusually strong.
You block the orc warrior's attack.
The orc knight hits you with a +0 trident.
You hit the orc knight but do no damage.
The orc knight is heavily wounded.
The orc warrior barely misses you. You block the orc knight's attack.
The orc warrior hits you with a +0 trident.
You hit the orc knight but do no damage.
The orc knight is heavily wounded.
The orc knight hits you but does no damage.
The orc warrior hits you with a +0 trident!!
* * * LOW HITPOINT WARNING * * *
Okay, then.
As you read the scroll labelled NASOKLEOMACS, it crumbles to dust.
You feel strangely unstable.
It was a scroll of teleportation.
The orc knight hits you with a +0 trident.
* * * LOW HITPOINT WARNING * * *
The orc warrior hits you with a +0 trident!!
You die...

#.....#
#'''''#
##.....##
#.......#
#.......#
#.......#
#..oo...#
#...@...#
##.).).##
##')'##
#.))).#
#.!)).#
#.!)..#
#.!...#
#.....#
##'')##


You could see an orc knight and an orc warrior (strong).

Vanquished Creatures
  Pikel (D:5)
  2 orc knights (Bailey)
  A cyclops (D:9)
  Grinder (D:6)
  A wyvern (D:7)
  A steam dragon (D:9)
  2 water moccasins
  An ice beast (D:7)
  11 orc warriors
  3 ogres
  A hornet zombie (D:6)
  A necrophage (D:7)
  3 centaurs
  A kobold brigand (D:9)
  2 bullfrogs
  A gnoll sergeant (D:6)
  4 orc priests
  A scorpion (D:5)
  11 wights
  A centaur skeleton (D:5)
  2 jellies (D:6)
  3 hounds
  4 iguanas
  Natasha (twice) (D:3 D:2)
  8 orc wizards
  A killer bee zombie (D:4)
  A howler monkey zombie (D:8)
  Robin (D:3)
  6 gnolls
  6 adders
  A white imp (D:7)
  2 ufetubi
  3 worms
  3 dart slugs
  53 orcs
  5 ball pythons
  6 endoplasms
  3 giant cockroaches
  15 goblins
  16 hobgoblins
  5 jackals
  2 quokkas
  3 bats
  4 frilled lizards
  7 kobolds
  11 rats
223 creatures vanquished.

Vanquished Creatures (collateral kills)
  A scorpion (D:5)
  A gnoll (D:6)
  A dart slug (D:5)
  An orc (D:5)
4 creatures vanquished.

Vanquished Creatures (others)
  An orc wizard (D:5)
  A gnoll (D:6)
  4 orcs
  A kobold (D:9)
  3 plants (D:4)
10 creatures vanquished.

Grand Total: 237 creatures vanquished

Notes
Turn   | Place    | Note
-------+----------+-------------------------------------------
     0 | D:1      | Ijustatesigmund the Gargoyle Fighter began the quest for
                  | the Orb.
     0 | D:1      | Reached XP level 1. HP: 14/14 MP: 1/1
   160 | D:1      | Reached XP level 2. HP: 17/19 MP: 2/2
   626 | D:1      | Found Vounear's Antique Armour Shoppe.
   655 | D:1      | Reached skill level 1 in Axes
   744 | D:1      | Reached XP level 3. HP: 23/24 MP: 3/3
   820 | D:1      | Found a faded altar of an unknown god.
   831 | D:1      | Found Okkunk's Antique Weapon Boutique.
  1493 | D:2      | Reached XP level 4. HP: 29/29 MP: 4/4
  1914 | D:3      | Noticed Natasha
  1931 | D:3      | Killed Natasha
  2042 | D:3      | Reached XP level 5. HP: 33/33 MP: 5/5
  2055 | D:3      | Noticed Robin
  2062 | D:3      | Killed Robin
  2241 | D:3      | Reached skill level 1 in Dodging
  2603 | D:3      | Noticed Natasha
  2618 | D:2      | Killed Natasha
  2619 | D:2      | Reached XP level 6. HP: 31/39 MP: 3/6
  3198 | D:4      | Found a broken altar of Ashenzari.
  3202 | D:4      | Saw a vision of the Swamp and the Spider Nest.
  3202 | D:4      | Noticed a will-o-the-wisp
  3202 | D:4      | Noticed a redback
  3202 | D:4      | Noticed a wolf spider
  3202 | D:4      | Noticed a wolf spider
  3202 | D:4      | Noticed a redback
  3202 | D:4      | Noticed a redback
  3202 | D:4      | Noticed a redback
  3202 | D:4      | Noticed a swamp drake
  3202 | D:4      | Noticed a swamp drake
  3202 | D:4      | Noticed a goliath frog
  3202 | D:4      | Noticed a swamp drake
  3202 | D:4      | Noticed a vampire mosquito
  3203 | D:4      | Noticed a vampire mosquito
  3203 | D:4      | Noticed a vampire mosquito
  3203 | D:4      | Noticed a redback
  3203 | D:4      | Noticed a swamp drake
  3204 | D:4      | Noticed a vampire mosquito
  3204 | D:4      | Noticed a wolf spider
  3871 | D:4      | Reached skill level 5 in Fighting
  4034 | D:5      | Entered Level 5 of the Dungeon
  4205 | D:5      | Reached XP level 7. HP: 44/44 MP: 7/7
  4411 | D:5      | Found a white marble altar of Elyvilon.
  4597 | D:5      | Reached skill level 5 in Maces & Flails
  4597 | D:5      | Reached skill level 5 in Armour
  5357 | D:6      | Reached XP level 8. HP: 43/51 MP: 6/8
  5656 | D:6      | Noticed Pikel
  5695 | D:5      | Killed Pikel
  5899 | D:6      | Reached XP level 9. HP: 50/57 MP: 6/9
  6447 | D:6      | Found a staircase to the Ecumenical Temple.
  6462 | Temple   | Entered the Ecumenical Temple
  6660 | D:6      | Noticed Grinder
  6674 | D:6      | Paralysed by Grinder for 4 turns
  6679 | D:6      | Killed Grinder
  6887 | D:6      | Found a snail-covered altar of Cheibriados.
  6902 | D:6      | Became a worshipper of Cheibriados the Contemplative
  6916 | D:6      | Found Viupajoj's Jewellery Boutique.
  7247 | D:7      | Gained mutation: You are clumsy. (Dex -2) [potion of
                  | mutation]
  7247 | D:7      | Gained mutation: Your body sometimes deteriorates upon
                  | taking damage. [potion of mutation]
  7247 | D:7      | Gained mutation: Your natural rate of healing is unusually
                  | fast. [potion of mutation]
  7273 | D:7      | Reached skill level 1 in Invocations
  7563 | D:7      | Found a blossoming altar of Fedhas.
  7788 | D:8      | Found a staircase to the Lair.
  7840 | D:8      | Reached * piety under Cheibriados
  8006 | D:8      | You fall into a shaft and drop 1 floor!
  8020 | D:9      | Reached XP level 10. HP: 59/64 MP: 9/12
  8081 | D:9      | Noticed a cyclops
  8098 | D:9      | Killed a cyclops
  8260 | D:9      | Reached skill level 5 in Shields
  8369 | D:9      | Found a flagged portal.
  8385 | Bailey   | Entered a bailey
  8503 | Bailey   | Reached ** piety under Cheibriados
  8553 | Bailey   | Reached skill level 1 in Evocations
  8609 | Bailey   | Reached XP level 11. HP: 69/69 MP: 13/17
  8646 | Bailey   | Noticed an orc knight
  8680 | Bailey   | Killed an orc knight
  8705 | Bailey   | Noticed an orc knight
  8712 | Bailey   | Noticed an orc knight
  8726 | Bailey   | Killed an orc knight
  8735 | Bailey   | Demolished by an orc warrior

Illustrated notes

Levels and vault maps discovered:
D:1:      saegor_arrival_simple_b, layout_rooms,
          hellmonk_ecumenical_altar_slurped_away, serial_shops, shop_statue,
          shop
D:2:      layout_basic, grunt_ministairs_7
D:3:      layout_basic, uniq_natasha, uniq_robin
D:4:      layout_basic, grunt_ashenzari_visionary
          [grunt_ashenzari_visionary_swamp, grunt_ashenzari_visionary_spider],
          serial_curves, eino_curves_03, eino_curves_03, eino_curves_04,
          eino_curves_01
D:5:      layout_loops_cross, mainiacjoe_overflow_alcove_4
D:6:      layout_rooms, cheibriados_altar_1, minmay_temple_entry_junction_2,
          serial_shops, kennysheep_mini, uniq_grinder, uniq_pikel
D:7:      layout_basic, kennysheep_mini_moat, sigmund_army
D:8:      layout_cave_pools, lair_entry_dummy
D:9:      layout_loops_ring, enter_bailey_4, grunt_decor_one_mirror
Temple:   eino_narrow_crystal_temple
Bailey:   bailey_polearm_5, bailey

Skill      XL: |  1  2  3  4  5  6  7  8  9 10 11 |
---------------+----------------------------------+-----
Axes           | 1 |  1.8
Fighting       | 4 5 7 8 |  8.6
Maces & Flails | 3 4 5 7 8 9 |  9.1
Dodging        | 1 3 |  3.6
Armour         | 4 5 6 7 |  7.0
Invocations    | 2 8 9 |  9.3
Shields        | 4 5 |  5.3
Evocations     | 6 |  6.9

Action                   |  1- 3 |  4- 6 |  7- 9 | 10-12 || total
-------------------------+-------+-------+-------+-------++-------
Melee: Flail             |   123 |   256 |   342 |   186 ||   907
Throw: Dart              |       |     6 |     5 |       ||    11
Invok: Bend Time         |       |       |       |     2 ||     2
Evoke: Wand              |       |       |       |    13 ||    13
  Use: Scroll            |     3 |     3 |     7 |     3 ||    16
       Potion            |       |     2 |     3 |     7 ||    12
Armor: Scale mail        |    65 |   105 |       |       ||   170
       Swamp dragon scal |       |    60 |   184 |    93 ||   337
Dodge: Dodged            |    30 |    82 |   147 |    95 ||   354
Block: Kite shield       |    69 |   156 |   189 |   130 ||   544
